 Dungeon Crawl Stone Soup version 0.29.0-4-gdea44cf6ec (webtiles) character file.

Game seed: 15401369378243824851

5478 qw the Grappler (level 10, -3/92 HPs)
             Began as a Troll Cinder Acolyte on Aug 31, 2022.
             Was a Follower of Ignis.
             Slain by an orange demon (8 damage)
             ... led by Amaemon
             ... on level 9 of the Dungeon.
             The game lasted 00:04:21 (6768 turns).

qw the Grappler (Troll Cinder Acolyte)              Turns: 6768, Time: 00:04:22

Health: -3/92      AC: 13    Str: 33    XL:     10   Next: 42%
Magic:  10/10      EV:  8    Int:  9    God:    Ignis [*.....]
Gold:   427        SH:  9    Dex:  9    Spells: 11/11 levels left

rFire   + . .      SeeInvis +     - Unarmed
rCold   + . .      Faith    .   c - +0 kite shield
rNeg    . . .      Spirit   .   b - +2 robe {Will+}
rPois   .          Reflect  .   (helmet restricted)
rElec   .          Harm     .   (no cloak)
rCorr   .          Rampage  .   (gloves unavailable)
Will    +....                   (boots unavailable)
Stlth   +.........              (no amulet)
HPRegen 1.05/turn               d - ring of see invisible
MPRegen 0.12/turn               j - +6 ring of strength

@: lethally poisoned (-3 -> -13), about to teleport, fiery-armoured, slowed,
very slow
A: large, unfitting armour, claws 3, regeneration 1, shaggy fur 1, tough skin 1,
agile 1, cold resistance 1, deterioration 1
a: Renounce Religion, Fiery Armour, Foxfire Swarm, Rising Flame


You were on level 9 of the Dungeon.
You worshipped Ignis.
Ignis was aware of your devotion.
You visited 1 branch of the dungeon, and saw 9 of its levels.
You also visited: Sewer.

You collected 427 gold pieces.


Innate Abilities, Weirdness & Mutations

You are too large for most types of armour.
You have claws for hands.
Your natural rate of healing is unusually fast.
You are covered in fur. (AC +1)
You have tough skin. (AC +1)
You are agile. (Dex +4, Str/Int -1)
Your flesh is cold resistant. (rC+)
Your body sometimes deteriorates upon taking damage.


   Skills:
 - Level 4.1 Fighting
 - Level 4.4 Throwing
 - Level 2.1 Dodging
 + Level 8.2 Shields
 - Level 11.0 Unarmed Combat
 - Level 1.0 Spellcasting
 - Level 2.1 Fire Magic


You had 11 spell levels left.
You didn't know any spells.
Your spell library contained the following spells:

 Spells                   Type           Power      Damage    Failure   Level
 Scorch                   Fire           8%         2d5       41%         2

Inventory:

Missiles
 g - 2 boomerangs (quivered)
 q - a large rock
Armour
 b - a +2 robe of willpower (worn)
 c - a +0 kite shield (worn)
 s - +0 steam dragon scales
Jewellery
 a - a ring of willpower
 d - a ring of see invisible (left claw)
 j - a +6 ring of strength (right claw)
 r - a ring of ice
 Y - a ring of protection from fire
Scrolls
 h - 3 scrolls of teleportation
 m - a scroll of identify
 n - a scroll of enchant armour
Potions
 e - 6 potions of heal wounds
 f - 2 potions of haste
 i - a potion of mutation
 k - 5 potions of curing
 l - 5 potions of cancellation

Dungeon Overview and Level Annotations

Branches:
Dungeon (9/15)             Temple (0/1) D:6           Sewer (visited)
   Lair: D:8-11         Orc: D:9-12

Altars:
Cheibriados
Hepliaklqana
Nemelex Xobeh
Uskayaw
Zin
The Shining One

Shops:
D:1 !

Annotations:
D:8 3 runed translucent doors, qw's ghost, novice TrCA
D:9 Amaemon


Message History

You block the killer bee's attack. The scorpion barely misses you.
The killer bee closely misses you. You block the orange demon's attack.
Amaemon hits you but does no damage.
Amaemon is burned by your cloak of flames.
Amaemon is moderately wounded.
You block Amaemon's attack. Amaemon closely misses you.
The killer bee buzzes angrily.
You mangle Amaemon!!
Amaemon is heavily wounded.
You feel very sick.
The killer bee stings you but does no damage.
The killer bee is burned by your cloak of flames.
The killer bee is heavily wounded.
The scorpion stings you but does no damage.
The scorpion is burned by your cloak of flames.
The scorpion is moderately wounded.
The scorpion stings you but does no damage.
The scorpion is burned by your cloak of flames.
The scorpion is lightly wounded.
A killer bee comes into view.
The orange demon stings you from afar.
You are more poisoned.
You have difficulty breathing.
You feel yourself slow down.
The killer bee stings you but does no damage.
The killer bee is burned by your cloak of flames.
The killer bee is almost dead.
You block Amaemon's attack. x2; Amaemon barely misses you.
6768 ||| READING 4 scrolls of teleportation.
As you read the scroll of teleportation, it crumbles to dust.
You feel strangely unstable.
You feel extremely sick.
The orange demon no longer looks unusually toxic.
The scorpion no longer looks unusually toxic.
You block the killer bee's attack. You block the wyvern's attack.
The scorpion closely misses you. The scorpion stings you.
The scorpion is burned by your cloak of flames.
The scorpion is heavily wounded.
You block the killer bee's attack. The wyvern barely misses you.
The orange demon stings you from afar!
You die...

........#
#..........
#.........#
#.........#
#...^.....#
#.........#
#......¤ls#
#......s6@#
#...y8%ssy#
#......s4o#
#....8y..s#
#..........#
#....8........
#.........##...
#....8....# ...
#.........# ..


You could see Amaemon, an orange demon, a wyvern, 6 scorpions, 3 killer bees and
an orc.

Vanquished Creatures
  A two-headed ogre (D:8)
  Pikel (D:6)
  Maggie (D:6)
  Prince Ribbit (D:6)
  Sigmund (D:2)
  Menkaure (D:6)
  A water moccasin (D:7)
  2 ice beasts
  3 sky beasts
  An ogre (D:4)
  3 centaurs
  4 phantoms
  2 lemures (D:6)
  4 kobold brigands
  A gnoll sergeant (D:8)
  2 bullfrogs
  A necrophage (D:7)
  5 scorpions
  A wyvern zombie (D:6)
  7 wights
  3 killer bees (D:9)
  3 howler monkeys (D:7)
  2 hounds (D:5)
  A jelly (D:5)
  A gnoll bouda (D:6)
  2 orc priests
  A centaur skeleton (D:6)
  3 iguanas
  Ijyb (D:5)
  10 orc wizards
  2 howler monkey zombies (D:6)
  10 gnolls
  13 adders
  5 river rats (Sewer)
  A white imp (D:8)
  2 worms
  A dart slug (D:2)
  31 orcs
  2 bats (D:1)
  8 endoplasms
  10 giant cockroaches
  8 goblins
  9 hobgoblins
  4 jackals
  26 kobolds
  5 quokkas
  10 ball pythons
  6 frilled lizards
  26 rats
  A spectral kobold (D:8)
250 creatures vanquished.

Notes
Turn   | Place    | Note
-------+----------+-------------------------------------------
     0 | D:1      | qw the Troll Cinder Acolyte began the quest for the Orb.
     0 | D:1      | Reached XP level 1. HP: 22/22 MP: 1/1
     0 | D:1      | 0 ||| qw: Version: 0.1-a-97-g2dd2ca4
     0 | D:1      | 0 ||| qw: Game counter: 4531
     0 | D:1      | 0 ||| qw: Always use a shield: true
     0 | D:1      | 0 ||| qw: God list: Okawaru
     0 | D:1      | 0 ||| qw: Allow faded altars: false
     0 | D:1      | 0 ||| qw: Do Orc after D:15 true
     0 | D:1      | 0 ||| qw: Do second Lair branch before Depths: true
     0 | D:1      | 0 ||| qw: Lair rune preference: random
     0 | D:1      | 0 ||| qw: Plans: Normal
     0 | D:1      | 0 ||| PLANNING D:1-11
   211 | D:1      | Found Ykhlaoj's Distillery.
   215 | D:1      | 215 ||| SHOPLISTING potion of curing (36 gold, have 15).
   292 | D:1      | Reached XP level 2. HP: 29/29 MP: 2/2
   327 | D:1      | 327 ||| Stepping ~*~*~tactically~*~*~ (outnumbered).
   329 | D:1      | 329 ||| Stepping ~*~*~tactically~*~*~ (outnumbered).
   333 | D:1      | 333 ||| Stepping ~*~*~tactically~*~*~ (outnumbered).
   403 | D:1      | 403 ||| Stepping ~*~*~tactically~*~*~ (stealth).
   538 | D:1      | Reached skill level 4 in Unarmed Combat
   819 | D:1      | 819 ||| UPGRADING to +0 kite shield.
   824 | D:1      | 824 ||| READING 2 scrolls labelled PUVEMM XUWUS.
   825 | D:1      | 825 ||| READING scroll labelled MASELY HUANITRU.
   826 | D:1      | 826 ||| READING scroll labelled FERUIRPH HEAFYDIRA.
   827 | D:1      | 827 ||| READING scroll labelled FULIAB VALEFI.
   830 | D:1      | 830 ||| DRINKING 2 golden potions.
   831 | D:1      | 831 ||| DRINKING 3 blue potions.
   832 | D:1      | 832 ||| DROPPING scroll of immolation.
   843 | D:2      | Noticed Sigmund
   844 | D:2      | 844 ||| Stepping ~*~*~tactically~*~*~ (hiding).
   855 | D:2      | 855 ||| DRINKING potion of curing.
   855 | D:2      | 855 ||| (to cure confusion)
   864 | D:2      | Killed Sigmund
   865 | D:2      | Reached skill level 3 in Shields
   865 | D:2      | Reached XP level 3. HP: 23/36 MP: 3/3
   865 | D:2      | Reached XP level 4. HP: 29/44 MP: 4/4
   865 | D:2      | Reached XP level 5. HP: 33/50 MP: 5/5
   983 | D:2      | 983 ||| Stepping ~*~*~tactically~*~*~ (stealth).
   984 | D:2      | 984 ||| Stepping ~*~*~tactically~*~*~ (stealth).
  1065 | D:2      | 1065 ||| Stepping ~*~*~tactically~*~*~ (stealth).
  1066 | D:2      | 1066 ||| Stepping ~*~*~tactically~*~*~ (stealth).
  1069 | D:2      | 1069 ||| Stepping ~*~*~tactically~*~*~ (stealth).
  1075 | D:2      | 1075 ||| Stepping ~*~*~tactically~*~*~ (stealth).
  1237 | D:2      | Reached skill level 1 in Throwing
  1416 | D:2      | 1416 ||| Stepping ~*~*~tactically~*~*~ (stealth).
  1417 | D:2      | 1417 ||| Stepping ~*~*~tactically~*~*~ (stealth).
  1463 | D:2      | 1463 ||| Stepping ~*~*~tactically~*~*~ (stealth).
  1481 | D:2      | 1481 ||| Stepping ~*~*~tactically~*~*~ (stealth).
  1625 | D:2      | 1625 ||| UPGRADING to +2 robe of willpower.
  1635 | D:2      | 1635 ||| DROPPING +0 robe.
  1636 | D:2      | 1636 ||| UPGRADING to ring of protection from fire.
  1637 | D:2      | 1637 ||| UPGRADING to +6 ring of strength.
  1638 | D:2      | 1638 ||| READING scroll labelled MUINWU DACUPLE.
  1639 | D:2      | 1639 ||| READING scroll labelled XACZUE TISHO.
  1744 | D:3      | 1744 ||| Stepping ~*~*~tactically~*~*~ (hiding).
  1745 | D:3      | 1745 ||| Stepping ~*~*~tactically~*~*~ (hiding).
  1754 | D:3      | 1754 ||| INVOKING Fiery Armour.
  1791 | D:3      | Reached XP level 6. HP: 59/59 MP: 6/6
  1793 | D:3      | 1793 ||| READING scroll labelled LASCHE MOENEA.
  1796 | D:3      | 1796 ||| FLEEEEING.
  1802 | D:3      | 1802 ||| FLEEEEING.
  1803 | D:3      | 1803 ||| FLEEEEING.
  1804 | D:3      | 1804 ||| FLEEEEING.
  1805 | D:3      | 1805 ||| FLEEEEING.
  1806 | D:3      | 1806 ||| FLEEEEING.
  1807 | D:3      | 1807 ||| FLEEEEING.
  1808 | D:3      | 1808 ||| Stepping ~*~*~tactically~*~*~ (stealth).
  1809 | D:3      | 1809 ||| FLEEEEING.
  1810 | D:3      | 1810 ||| FLEEEEING.
  1811 | D:3      | 1811 ||| FLEEEEING.
  1812 | D:3      | 1812 ||| FLEEEEING.
  1819 | D:3      | 1819 ||| Stepping ~*~*~tactically~*~*~ (outnumbered).
  1820 | D:3      | 1820 ||| Stepping ~*~*~tactically~*~*~ (outnumbered).
  1923 | D:3      | 1923 ||| Stepping ~*~*~tactically~*~*~ (stealth).
  2036 | D:3      | 2036 ||| READING scroll labelled SUSTRY TIXOIFUDGH.
  2037 | D:3      | 2037 ||| READING scroll labelled JYXEGOFREED.
  2056 | D:4      | 2056 ||| STAIRDANCE
  2061 | D:4      | 2061 ||| STAIRDANCE
  2159 | D:4      | Reached skill level 5 in Unarmed Combat
  2386 | D:4      | 2386 ||| Stepping ~*~*~tactically~*~*~ (hiding).
  2391 | D:4      | 2391 ||| INVOKING Fiery Armour.
  2392 | D:4      | 2392 ||| Stepping ~*~*~tactically~*~*~ (outnumbered).
  2397 | D:4      | 2397 ||| Stepping ~*~*~tactically~*~*~ (hiding).
  2411 | D:4      | 2411 ||| Stepping ~*~*~tactically~*~*~ (stealth).
  2452 | D:4      | Reached skill level 6 in Unarmed Combat
  2452 | D:4      | Reached XP level 7. HP: 66/66 MP: 7/7
  2573 | D:4      | 2573 ||| Stepping ~*~*~tactically~*~*~ (stealth).
  2806 | D:4      | 2806 ||| READING scroll labelled PUORIU ECAU.
  2807 | D:4      | 2807 ||| READING scroll labelled OGAFYITS QOMIE.
  2808 | D:4      | 2808 ||| READING scroll labelled HUULIK HEPLYSEI.
  2809 | D:4      | 2809 ||| DRINKING 2 orange potions.
  2810 | D:4      | 2810 ||| DRINKING 2 lumpy grey potions.
  2811 | D:4      | 2811 ||| DROPPING potion of flight.
  2866 | D:5      | Entered Level 5 of the Dungeon
  2872 | D:5      | 2872 ||| Stepping ~*~*~tactically~*~*~ (hiding).
  2878 | D:5      | 2878 ||| Stepping ~*~*~tactically~*~*~ (hiding).
  2884 | D:5      | 2884 ||| Stepping ~*~*~tactically~*~*~ (stealth).
  2885 | D:5      | 2885 ||| Stepping ~*~*~tactically~*~*~ (stealth).
  2895 | D:5      | 2895 ||| Stepping ~*~*~tactically~*~*~ (stealth).
  2897 | D:5      | 2897 ||| Stepping ~*~*~tactically~*~*~ (stealth).
  2897 | D:5      | Noticed Ijyb
  2903 | D:5      | 2903 ||| Stepping ~*~*~tactically~*~*~ (outnumbered).
  2905 | D:5      | Killed Ijyb
  2910 | D:5      | 2910 ||| Stepping ~*~*~tactically~*~*~ (outnumbered).
  2917 | D:5      | 2917 ||| INVOKING Fiery Armour.
  3210 | D:5      | 3210 ||| INVOKING Fiery Armour.
  3211 | D:5      | 3211 ||| Stepping ~*~*~tactically~*~*~ (outnumbered).
  3212 | D:5      | 3212 ||| Stepping ~*~*~tactically~*~*~ (outnumbered).
  3213 | D:5      | 3213 ||| Stepping ~*~*~tactically~*~*~ (outnumbered).
  3219 | D:5      | Reached skill level 7 in Unarmed Combat
  3219 | D:5      | 3219 ||| FLEEEEING.
  3220 | D:5      | 3220 ||| FLEEEEING.
  3221 | D:5      | 3221 ||| FLEEEEING.
  3222 | D:5      | 3222 ||| FLEEEEING.
  3223 | D:5      | 3223 ||| FLEEEEING.
  3224 | D:5      | 3224 ||| FLEEEEING.
  3225 | D:5      | 3225 ||| FLEEEEING.
  3226 | D:5      | 3226 ||| FLEEEEING.
  3227 | D:5      | 3227 ||| FLEEEEING.
  3228 | D:5      | 3228 ||| FLEEEEING.
  3289 | D:5      | Found a glowing silver altar of Zin.
  3289 | D:5      | Found a sparkling altar of Nemelex Xobeh.
  3296 | D:5      | Found a glowing golden altar of the Shining One.
  3299 | D:5      | Found a faded altar of an unknown god.
  3301 | D:5      | Found a faded altar of an unknown god.
  3379 | D:5      | 3379 ||| READING 2 scrolls of identify.
  3379 | D:5      | 3379 ||| IDENTIFYING puce potion
  3380 | D:5      | 3380 ||| DROPPING potion of attraction.
  3393 | D:6      | 3393 ||| PLANNING SEWER
  3454 | D:6      | Found a staircase to the Ecumenical Temple.
  3490 | D:6      | Reached XP level 8. HP: 72/74 MP: 8/8
  3499 | D:6      | Found a glowing drain.
  3546 | D:6      | Reached skill level 6 in Shields
  3578 | D:6      | 3578 ||| READING scroll labelled LEYZUNNEPPO.
  3579 | D:6      | 3579 ||| DRINKING 2 viscous black potions.
  3579 | D:6      | Gained mutation: Your flesh is cold resistant. (rC+)
                  | [potion of mutation]
  3579 | D:6      | Gained mutation: You are agile. (Dex +4, Str/Int -1)
                  | [potion of mutation]
  3579 | D:6      | Gained mutation: Your body sometimes deteriorates upon
                  | taking damage. [potion of mutation]
  3580 | D:6      | 3580 ||| DRINKING 2 bubbling pink potions.
  3628 | D:6      | 3628 ||| Stepping ~*~*~tactically~*~*~ (outnumbered).
  3629 | D:6      | 3629 ||| INVOKING Fiery Armour.
  3646 | Sewer    | Entered a sewer
  3665 | Sewer    | 3665 ||| Stepping ~*~*~tactically~*~*~ (stealth).
  3666 | Sewer    | 3666 ||| Stepping ~*~*~tactically~*~*~ (stealth).
  3668 | Sewer    | 3668 ||| Stepping ~*~*~tactically~*~*~ (stealth).
  3672 | Sewer    | 3672 ||| Stepping ~*~*~tactically~*~*~ (stealth).
  3674 | Sewer    | 3674 ||| Stepping ~*~*~tactically~*~*~ (stealth).
  3676 | Sewer    | 3676 ||| Stepping ~*~*~tactically~*~*~ (stealth).
  3701 | Sewer    | 3701 ||| Stepping ~*~*~tactically~*~*~ (stealth).
  3705 | Sewer    | Reached skill level 1 in Dodging
  3825 | Sewer    | 3825 ||| Stepping ~*~*~tactically~*~*~ (outnumbered).
  3829 | Sewer    | 3829 ||| Stepping ~*~*~tactically~*~*~ (outnumbered).
  3830 | Sewer    | 3830 ||| Stepping ~*~*~tactically~*~*~ (outnumbered).
  3831 | Sewer    | 3831 ||| Stepping ~*~*~tactically~*~*~ (outnumbered).
  3832 | Sewer    | 3832 ||| Stepping ~*~*~tactically~*~*~ (outnumbered).
  3833 | Sewer    | 3833 ||| Stepping ~*~*~tactically~*~*~ (outnumbered).
  3834 | Sewer    | 3834 ||| Stepping ~*~*~tactically~*~*~ (outnumbered).
  3835 | Sewer    | 3835 ||| Stepping ~*~*~tactically~*~*~ (outnumbered).
  3836 | Sewer    | 3836 ||| Stepping ~*~*~tactically~*~*~ (outnumbered).
  3837 | Sewer    | 3837 ||| Stepping ~*~*~tactically~*~*~ (outnumbered).
  3838 | Sewer    | 3838 ||| Stepping ~*~*~tactically~*~*~ (outnumbered).
  3905 | Sewer    | 3905 ||| Stepping ~*~*~tactically~*~*~ (outnumbered).
  3907 | Sewer    | 3907 ||| Stepping ~*~*~tactically~*~*~ (outnumbered).
  3910 | Sewer    | 3910 ||| Stepping ~*~*~tactically~*~*~ (outnumbered).
  4005 | Sewer    | 4005 ||| Stepping ~*~*~tactically~*~*~ (outnumbered).
  4006 | Sewer    | 4006 ||| Stepping ~*~*~tactically~*~*~ (outnumbered).
  4007 | Sewer    | 4007 ||| Stepping ~*~*~tactically~*~*~ (outnumbered).
  4008 | Sewer    | 4008 ||| Stepping ~*~*~tactically~*~*~ (outnumbered).
  4009 | Sewer    | 4009 ||| Stepping ~*~*~tactically~*~*~ (outnumbered).
  4042 | Sewer    | 4042 ||| Stepping ~*~*~tactically~*~*~ (stealth).
  4070 | Sewer    | 4070 ||| Stepping ~*~*~tactically~*~*~ (stealth).
  4076 | Sewer    | Reached skill level 8 in Unarmed Combat
  4310 | D:6      | 4310 ||| PLANNING D:1-11
  4355 | D:6      | 4355 ||| Stepping ~*~*~tactically~*~*~ (stealth).
  4356 | D:6      | 4356 ||| Stepping ~*~*~tactically~*~*~ (stealth).
  4362 | D:6      | 4362 ||| Stepping ~*~*~tactically~*~*~ (stealth).
  4373 | D:6      | Reached skill level 3 in Fighting
  4409 | D:6      | Noticed Menkaure
  4416 | D:6      | 4416 ||| INVOKING Fiery Armour.
  4416 | D:6      | Killed Menkaure
  4507 | D:6      | Noticed Pikel
  4523 | D:6      | Killed Pikel
  4524 | D:6      | Reached skill level 9 in Unarmed Combat
  4524 | D:6      | Reached XP level 9. HP: 72/81 MP: 9/9
  4603 | D:6      | 4603 ||| Stepping ~*~*~tactically~*~*~ (hiding).
  4608 | D:6      | Noticed Prince Ribbit
  4609 | D:6      | 4609 ||| INVOKING Fiery Armour.
  4610 | D:6      | 4610 ||| Stepping ~*~*~tactically~*~*~ (outnumbered).
  4617 | D:6      | Reached skill level 3 in Throwing
  4636 | D:6      | Killed Prince Ribbit
  4784 | D:6      | Noticed Maggie
  4786 | D:6      | 4786 ||| Stepping ~*~*~tactically~*~*~ (hiding).
  4795 | D:6      | 4795 ||| INVOKING Fiery Armour.
  4795 | D:6      | Killed Maggie
  4865 | D:6      | 4865 ||| READING scroll labelled EWNUEB BALOO.
  4866 | D:6      | 4866 ||| READING scroll labelled ACACVOUNWA.
  4867 | D:6      | 4867 ||| READING 2 scrolls of identify.
  4867 | D:6      | 4867 ||| IDENTIFYING amethyst potion
  4868 | D:6      | 4868 ||| DROPPING potion of degeneration.
  4942 | D:7      | Reached skill level 10 in Unarmed Combat
  4944 | D:7      | 4944 ||| INVOKING Fiery Armour.
  5053 | D:7      | 5053 ||| Stepping ~*~*~tactically~*~*~ (stealth).
  5362 | D:7      | 5362 ||| Stepping ~*~*~tactically~*~*~ (outnumbered).
  5476 | D:7      | Found a snail-covered altar of Cheibriados.
  5568 | D:7      | 5568 ||| FLEEEEING.
  5569 | D:7      | 5569 ||| FLEEEEING.
  5570 | D:7      | 5570 ||| FLEEEEING.
  5571 | D:7      | 5571 ||| FLEEEEING.
  5574 | D:7      | 5574 ||| FLEEEEING.
  5575 | D:7      | 5575 ||| FLEEEEING.
  5576 | D:7      | 5576 ||| FLEEEEING.
  5578 | D:7      | 5578 ||| FLEEEEING.
  5579 | D:7      | 5579 ||| FLEEEEING.
  5580 | D:7      | 5580 ||| FLEEEEING.
  5581 | D:7      | 5581 ||| STAIRDANCE
  5595 | D:6      | 5595 ||| UPGRADING to ring of see invisible.
  5597 | D:6      | 5597 ||| DROPPING ring of wizardry.
  5598 | D:6      | 5598 ||| READING 2 scrolls of identify.
  5598 | D:6      | 5598 ||| IDENTIFYING bubbling silvery potion
  5599 | D:6      | 5599 ||| DROPPING potion of lignification.
  5602 | D:7      | 5602 ||| STAIRDANCE
  5744 | D:8      | Reached XP level 10. HP: 92/92 MP: 10/10
  5745 | D:8      | 5745 ||| Stepping ~*~*~tactically~*~*~ (stealth).
  5746 | D:8      | 5746 ||| Stepping ~*~*~tactically~*~*~ (stealth).
  5751 | D:8      | 5751 ||| Stepping ~*~*~tactically~*~*~ (stealth).
  5753 | D:8      | 5753 ||| Stepping ~*~*~tactically~*~*~ (stealth).
  5815 | D:8      | 5815 ||| Stepping ~*~*~tactically~*~*~ (outnumbered).
  5816 | D:8      | 5816 ||| Stepping ~*~*~tactically~*~*~ (outnumbered).
  6004 | D:8      | 6004 ||| INVOKING Fiery Armour.
  6034 | D:8      | 6034 ||| FLEEEEING.
  6069 | D:8      | 6069 ||| Stepping ~*~*~tactically~*~*~ (stealth).
  6071 | D:8      | 6071 ||| Stepping ~*~*~tactically~*~*~ (stealth).
  6091 | D:8      | Found a runed translucent gate.
  6093 | D:8      | Found a runed translucent gate.
  6093 | D:8      | Noticed qw's ghost (novice TrCA)
  6094 | D:8      | Found a runed translucent gate.
  6094 | D:8      | Identified the +0 chain mail of the Old World {rF+ rC+
                  | Dex+4}
  6103 | D:8      | 6103 ||| Stepping ~*~*~tactically~*~*~ (hiding).
  6110 | D:8      | 6110 ||| Stepping ~*~*~tactically~*~*~ (stealth).
  6124 | D:8      | 6124 ||| Stepping ~*~*~tactically~*~*~ (stealth).
  6126 | D:8      | 6126 ||| Stepping ~*~*~tactically~*~*~ (stealth).
  6158 | D:8      | 6158 ||| Stepping ~*~*~tactically~*~*~ (hiding).
  6167 | D:8      | Noticed a two-headed ogre
  6169 | D:8      | Reached skill level 11 in Unarmed Combat
  6169 | D:8      | 6169 ||| FLEEEEING.
  6170 | D:8      | 6170 ||| FLEEEEING.
  6171 | D:8      | 6171 ||| FLEEEEING.
  6172 | D:8      | 6172 ||| FLEEEEING.
  6176 | D:8      | Killed a two-headed ogre
  6465 | D:8      | Found a hide-covered altar of Uskayaw.
  6545 | D:8      | Found a hazy altar of Hepliaklqana.
  6644 | D:8      | 6644 ||| DRINKING 2 silvery potions.
  6645 | D:8      | 6645 ||| READING 2 scrolls of identify.
  6645 | D:8      | 6645 ||| IDENTIFYING brown potion
  6646 | D:8      | 6646 ||| DROPPING potion of brilliance.
  6647 | D:8      | 6647 ||| DROPPING potion of ambrosia.
  6753 | D:9      | Noticed Amaemon
  6753 | D:9      | Noticed an orange demon
  6756 | D:9      | 6756 ||| INVOKING Fiery Armour.
  6760 | D:9      | 6760 ||| Stepping ~*~*~tactically~*~*~ (outnumbered).
  6761 | D:9      | 6761 ||| Stepping ~*~*~tactically~*~*~ (outnumbered).
  6762 | D:9      | 6762 ||| Stepping ~*~*~tactically~*~*~ (outnumbered).
  6763 | D:9      | 6763 ||| Stepping ~*~*~tactically~*~*~ (outnumbered).
  6764 | D:9      | 6764 ||| Stepping ~*~*~tactically~*~*~ (outnumbered).
  6767 | D:9      | HP: 22/92 [orange demon[Amaemon] (4)]
  6768 | D:9      | 6768 ||| READING 4 scrolls of teleportation.
  6768 | D:9      | HP: 8/92 [poisoned by orange demon (concentrated venom)]
  6768 | D:9      | Slain by an orange demon

Levels and vault maps discovered:
D:1:      kennysheep_arrival_forest, layout_basic, serial_shops, shop,
          minmay_hedge_maze, minmay_misc_feat_pillars,
          amcnicky_mini_rare_corridor_liquid, serial_bayou_lagoon_a
D:2:      layout_basic, kennysheep_flooded_box, uniq_sigmund
D:3:      layout_rooms, minmay_checkerbox
D:4:      layout_loops_ring
D:5:      layout_cave_pools, chequers_temple_overflow_minitemple, uniq_ijyb
D:6:      layout_basic, temple_statues, gup_sewer_entry_glass, serial_undead,
          serial_undead_a, serial_undead_d, serial_undead_f, serial_undead_f,
          item_on_display_a, uniq_prince_ribbit1, uniq_menkaure, uniq_pikel,
          uniq_maggie
D:7:      layout_loops_ring, amcnicky_altar_gilded
D:8:      layout_loops_ring, lemuel_round_altar,
          nicolae_hepliaklqana_monster_ancestors, biasface_ghost_orc_armoury,
          minmay_misc_feat_x, minivault_24
D:9:      minmay_statue_hallways, layout_cross, serial_column_ruins,
          column_ruins_square_large, column_ruins_square_large,
          column_ruins_open_tiny, column_ruins_open_medium,
          column_ruins_columns_straight, column_ruins_grid_1,
          column_ruins_open_small_water, column_ruins_open_large, uniq_amaemon

Skill      XL: |  1  2  3  4  5  6  7  8  9 10 |
---------------+-------------------------------+-----
Unarmed Combat | 4 6 7 9 10 11 | 11.0
Shields        | 3 4 5 6 8 |  8.2
Throwing       | 1 2 3 4 |  4.4
Dodging        | 1 2 |  2.1
Fighting       | 3 4 |  4.1
Spellcasting   | |  1.0
Fire Magic     | |  2.1

Action                   |  1- 3 |  4- 6 |  7- 9 | 10-12 || total
-------------------------+-------+-------+-------+-------++-------
Melee: Unarmed           |    53 |   113 |   307 |    65 ||   538
       Punch             |     2 |       |       |       ||     2
Throw: Large rock        |       |    48 |    35 |     6 ||    89
       Boomerang         |       |       |       |     4 ||     4
Invok: Fiery Armour      |       |     2 |     7 |     2 ||    11
  Use: Scroll            |     4 |     5 |     9 |     2 ||    20
       Potion            |     3 |       |     4 |     1 ||     8
Armor: Robe              |    18 |    32 |   115 |    38 ||   203
Dodge: Dodged            |    19 |    21 |    67 |    32 ||   139
Block: Kite shield       |     1 |    30 |   105 |    56 ||   192

Table legend:
 A = Non-vault XP
 B = Vault XP
 C = Vault XP percentage of total XP
 D = Non-vault monster count
 E = Vault monster count
 F = Vault count percentage of total count
                 A         B        C        D         E       F
            +---------+---------+-------+---------+---------+-------
      Total |    5187 |    2639 |  33.7 |     176 |      72 |  29.0
            +---------+---------+-------+---------+---------+-------
        D:1 |      31 |       0 |   0.0 |      20 |       0 |   0.0
        D:2 |      58 |     226 |  79.6 |      29 |       1 |   3.3
        D:3 |      95 |      18 |  15.9 |      14 |       4 |  22.2
        D:4 |     502 |       0 |   0.0 |      25 |       0 |   0.0
        D:5 |     382 |      22 |   5.4 |      21 |       1 |   4.5
        D:6 |     440 |    1934 |  81.5 |      13 |      16 |  55.2
        D:7 |    1380 |       0 |   0.0 |      19 |       0 |   0.0
        D:8 |    2009 |       3 |   0.1 |      31 |       2 |   6.1
        D:9 |     290 |       0 |   0.0 |       4 |       0 |   0.0
      Sewer |       0 |     436 | 100.0 |       0 |      48 | 100.0
            +---------+---------+-------+---------+---------+-------
